 Dungeon Crawl Stone Soup version 0.29-a0-509-g793eeb5391 (webtiles) character file.

Game seed: 9309711609250274934

7662 Morbidden the Destroyer (level 10, -3/74 HPs)
             Began as a Demonspawn Conjurer on May 29, 2022.
             Was an Elder of Cheibriados.
             Slain by an orc warrior
             ... wielding a +0 mace
             ... led by an orc knight
              (15 damage)
             ... on level 9 of the Dungeon.
             The game lasted 00:19:44 (12573 turns).

Morbidden the Destroyer (Demonspawn Conjurer)      Turns: 12573, Time: 00:19:44

Health: -3/74      AC: 14    Str: 19    XL:     10   Next: 99%
Magic:  30/30      EV: 15    Int: 33    God:    Cheibriados [****..]
Gold:   705        SH:  0    Dex: 21    Spells: 13/24 levels left

rFire   . . .      SeeInvis .   b - +11 war axe of Untruth {venom, rElec rCorr}
rCold   + . .      Faith    .   (no shield)
rNeg    . . .      Spirit   .   C - +2 leather armour {rC+}
rPois   .          Reflect  .   (no helmet)
rElec   +          Harm     .   u - +0 cloak
rCorr   +          Rampage  .   (no gloves)
Will    .....                   (no boots)
Stlth   +++.......              k - amulet of regeneration
HPRegen 2.02/turn               f - +4 ring of protection
MPRegen 0.22/turn               c - ring of magical power

@: very slow
A: thin metallic scales 3, powered by death 1, powered by pain 2, demonic touch
2
a: Renounce Religion, Bend Time, Temporal Distortion, Slouch


You were on level 9 of the Dungeon.
You worshipped Cheibriados.
Cheibriados was greatly pleased with you.
You visited 3 branches of the dungeon, and saw 11 of its levels.
You also visited: Sewer and Ossuary.

You collected 705 gold pieces.

Inventory:

Hand Weapons
 a - a +4 dagger
 b - the +11 war axe of Untruth (weapon) {venom, rElec rCorr}
   (You found it on level 4 of the Dungeon)

   It poisons the flesh of those it strikes.
   rElec:     It insulates you from electricity.
   rCorr:     It protects you from acid and corrosion.
Missiles
 o - 60 poisoned darts (quivered)
Armour
 i - a +2 robe of resistance
 u - a +0 cloak (worn)
 B - a +0 plate armour of poison resistance
 C - a +2 leather armour of cold resistance (worn)
 H - +0 ice dragon scales
Jewellery
 c - a ring of magical power (right hand)
 f - a +4 ring of protection (left hand)
 k - an amulet of regeneration (around neck)
 x - a ring of wizardry
 K - a +6 ring of dexterity
 L - a +4 ring of slaying
Wands
 y - a wand of flame (15)
Scrolls
 g - 6 scrolls of identify
 h - 8 scrolls of teleportation
 n - a scroll of fear
 p - 3 scrolls of blinking
 q - 5 scrolls of fog
 r - a scroll of poison
 s - 2 scrolls of noise
 E - 2 scrolls of enchant armour
 F - a scroll of enchant weapon
 M - a scroll of silence {unknown}
Potions
 d - a potion of attraction {unknown}
 e - 6 potions of curing
 j - 2 potions of might {unknown}
 l - a potion of resistance {unknown}
 m - 6 potions of brilliance {unknown}
 t - a potion of haste {unknown}
 v - a potion of lignification {unknown}
 w - a potion of invisibility {unknown}
 z - 2 potions of ambrosia {unknown}
 A - a potion of cancellation {unknown}
 D - 4 potions of heal wounds {unknown}
 G - a potion of mutation {unknown}
 I - 2 potions of magic
 J - 3 potions of berserk rage {unknown}


   Skills:
 * Level 5.1 Fighting
 + Level 2.9 Short Blades
 * Level 3.0 Axes
 * Level 2.5 Armour
 * Level 5.5 Dodging
 + Level 3.8 Stealth
 + Level 1.5 Unarmed Combat
 * Level 7.7 Spellcasting
 * Level 8.9 Conjurations
 * Level 3.8 Hexes
 * Level 4.0 Translocations
 * Level 3.8 Invocations


You had 13 spell levels left.
You knew the following spells:

 Your Spells              Type           Power      Damage    Failure   Level
a - Magic Dart            Conj           100%       1d8       1%          1
b - Searing Ray           Conj           100%       2d8       1%          2
c - Fulminant Prism       Conj/Hex       26%        3d14      3%          4
z - Iskenderun's Mystic   Conj/Tloc      53%        2d11      3%          4

Your spell library contained the following spells:

 Spells                   Type           Power      Damage    Failure   Level
 Dazzling Flash           Conj/Hex       100%       N/A       1%          3
 Ozocubu's Armour         Ice            12%        N/A       13%         3
 Metabolic Englaciation   Hex/Ice        12%        N/A       47%         5
 Simulacrum               Ice/Necr       6%         N/A       100%        6


Dungeon Overview and Level Annotations

Branches:
Dungeon (9/15)             Temple (1/1) D:6             Orc (1/2) D:9
  Sewer (visited)         Ossuary (visited)
   Lair: D:8-11

Altars:
Ashenzari
Cheibriados
Dithmenos
Fedhas
Gozag
Hepliaklqana
Kikubaaqudgha
Makhleb
Nemelex Xobeh
Okawaru
Qazlal
Ru
Sif Muna
Trog
Uskayaw
Vehumet
Wu Jian
Xom
Yredelemnul
Zin
The Shining One

Shops:
D:4 *   D:9 :   Orc:1 !

Annotations:
D:5 1 runed translucent door
D:7 exclusion: door


Innate Abilities, Weirdness & Mutations

You are completely covered in thin metallic scales. (AC +4, rElec)
You regenerate a little health from kills.
You sometimes gain power by taking damage.
Your touch may inflict irresistible damage on your foes.


Message History

The orc warrior hits you from afar with a +0 glaive!
You slash the orc warrior!
The orc warrior looks as sick as possible!
You touch the orc warrior!
The orc warrior is severely wounded.
An orc wizard comes into view. It is wielding a +0 dagger.
The orc warrior barely misses you.
The orc warrior hits you from afar with a +0 glaive!
The orc warrior completely misses you.
The orc priest calls upon Beogh to heal the orc warrior.
The orc warrior is healed somewhat.
The orc warrior misses you.
The orc warrior hits you with a +0 long sword!
The orc hits you but does no damage.
The orc warrior hits you from afar with a +0 glaive!
The orc warrior barely misses you.
The orc wizard moves out of view.
The orc hits you but does no damage. The orc closely misses you.
The orc priest mumbles some strange prayers to Beogh against you.
Pain shoots through your body! The orc warrior closely misses you.
The orc warrior misses you. The orc warrior closely misses you. x2
The orc closely misses you.
You climb upwards.
Welcome back to the Dungeon!
There is a staircase to the Orcish Mines here.
Unknown command.
Unknown command.
Unknown command.
You hit the orc.
The orc is poisoned.
The orc is almost dead.
You slash the orc!
You kill the orc!
Cheibriados appreciates the change of pace.
You hit the orc warrior but do no damage.
The orc warrior looks as sick as possible!
You barely miss the orc warrior. You slash the orc!
You kill the orc!
Cheibriados appreciates the change of pace.
The orc hits you but does no damage.
The orc warrior hits you with a +0 long sword!!
* * * LOW HITPOINT WARNING * * *
The orc warrior hits you with a +0 mace!
You die...

#.###.######..........#
#.# ...#.##
#..######.## #.# ###.##
##.## ##'## #.# ###.#
#...#####...# #.#
#...#######.8.......8.#
#.#
#.###.....#...#####...#
#.# #.#
#.######.#'###'#### #.#
#.# #.# #.##)o)## #.#
#.###.# #.##o@.# #.#
......# #.##.o.## ###.#
..#####
##.#'###)####...# ....#
#...#####[..#.### ###.#
#.8.......8.#.# ....#
#...#####)[)#.# # #####
##.## ##)##.######### #
#..# #.).)))...##.. #
#.## #.#))#####...#


You could see 2 orc warriors and an orc (very poisoned).

Vanquished Creatures
  Pikel (D:5)
  A hornet (D:9)
  Sigmund (D:2)
  A wyvern (D:8)
  7 yaks
  A steam dragon (D:9)
  2 water moccasins
  6 orc warriors
  Duvessa (D:5)
  3 ice beasts (D:7)
  2 ogres
  3 centaurs
  3 lemures
  A phantom (D:3)
  Blork the orc (D:5)
  2 bullfrogs
  6 kobold brigands
  2 necrophages (D:7)
  14 scorpions
  9 wights
  Dowan (D:5)
  A killer bee (D:5)
  An electric eel (D:8)
  A howler monkey (D:8)
  5 centaur zombies (Ossuary)
  2 jellies
  9 orc priests
  10 hounds
  6 iguanas
  14 orc wizards
  Ijyb (D:5)
  5 mummies (Ossuary)
  13 adders
  A river rat (Sewer)
  2 shadow imps (D:7)
  2 ufetubi
  2 worms (D:2)
  A dart slug (D:1)
  47 orcs
  6 endoplasms
  10 giant cockroaches
  8 goblins
  5 hobgoblins
  3 jackals (D:4)
  9 quokkas
  7 ball pythons
  3 bats
  2 frilled lizards
  2 hobgoblin zombies (Ossuary)
  42 kobolds
  7 rats
  A butterfly (D:5)
296 creatures vanquished.

Notes
Turn   | Place    | Note
-------+----------+-------------------------------------------
     0 | D:1      | Morbidden the Demonspawn Conjurer began the quest for the
                  | Orb.
     0 | D:1      | Reached XP level 1. HP: 13/13 MP: 3/3
   790 | D:1      | Gained mutation: Your touch may inflict minor irresistible
                  | damage on your foes. [demonic ancestry]
   790 | D:1      | Reached XP level 2. HP: 19/19 MP: 0/5
  1188 | D:1      | Learned a level 2 spell: Searing Ray
  1541 | D:1      | Found a faded altar of an unknown god.
  1655 | D:2      | Gained mutation: You are partially covered in thin metallic
                  | scales. (AC +2) [demonic ancestry]
  1655 | D:2      | Reached XP level 3. HP: 25/25 MP: 6/6
  1895 | D:2      | Reached skill level 1 in Fighting
  1979 | D:2      | Noticed Sigmund
  2000 | D:2      | Killed Sigmund
  2001 | D:2      | Reached skill level 1 in Short Blades
  2001 | D:2      | Reached skill level 5 in Conjurations
  2001 | D:2      | Gained mutation: You regenerate a little health from kills.
                  | [demonic ancestry]
  2001 | D:2      | Reached XP level 4. HP: 16/32 MP: 0/8
  2001 | D:2      | Gained mutation: You are mostly covered in thin metallic
                  | scales. (AC +3) [demonic ancestry]
  2001 | D:2      | Reached XP level 5. HP: 19/37 MP: 0/9
  2846 | D:3      | Learned a level 4 spell: Iskenderun's Mystic Blast
  2855 | D:3      | Found a glowing drain.
  2866 | Sewer    | Entered a sewer
  2878 | Sewer    | Gained mutation: You are completely covered in thin
                  | metallic scales. (AC +4, rElec) [demonic ancestry]
  2878 | Sewer    | Reached XP level 6. HP: 44/44 MP: 9/10
  3568 | D:3      | Reached XP level 7. HP: 50/50 MP: 12/12
  3835 | D:3      | You fall into a shaft and drop 2 floors!
  3835 | D:5      | Entered Level 5 of the Dungeon
  3848 | D:5      | Reached skill level 1 in Translocations
  4019 | D:5      | Reached skill level 6 in Conjurations
  4128 | D:4      | Found Nekiecue's Elemental Accessories.
  4522 | D:4      | Identified the +11 war axe of Untruth {venom, rElec rCorr}
  5219 | D:4      | Gained mutation: You sometimes gain a little power by
                  | taking damage. [demonic ancestry]
  5219 | D:4      | Reached XP level 8. HP: 57/57 MP: 14/14
  5854 | D:5      | Noticed Dowan
  5855 | D:5      | Noticed Duvessa
  6217 | D:4      | Learned a level 4 spell: Fulminant Prism
  6269 | D:5      | Noticed Blork the orc
  6284 | D:5      | Killed Blork the orc
  6300 | D:5      | Noticed Pikel
  6656 | D:5      | Killed Duvessa
  6657 | D:5      | Reached skill level 5 in Spellcasting
  6657 | D:5      | Reached skill level 7 in Conjurations
  6690 | D:5      | Killed Pikel
  6691 | D:5      | Reached skill level 1 in Hexes
  6691 | D:5      | Gained mutation: Your touch may inflict irresistible damage
                  | on your foes. [demonic ancestry]
  6691 | D:5      | Reached XP level 9. HP: 45/64 MP: 17/17
  6691 | D:5      | Found a runed translucent door.
  6700 | D:5      | Killed Dowan
  6773 | D:5      | Found a runed translucent door.
  6945 | D:5      | Noticed Ijyb
  6951 | D:5      | Killed Ijyb
  7192 | D:5      | Found a shimmering altar of Xom.
  7282 | D:5      | Found a shadowy altar of Dithmenos.
  7291 | D:5      | Found a burning altar of Makhleb.
  7775 | D:6      | Found a staircase to the Ecumenical Temple.
  7789 | Temple   | Entered the Ecumenical Temple
  7811 | Temple   | Became a worshipper of Cheibriados the Contemplative
  7866 | D:6      | Reached skill level 1 in Invocations
  8745 | D:7      | Reached * piety under Cheibriados
  8780 | D:7      | Reached skill level 8 in Conjurations
  8791 | D:7      | Reached skill level 1 in Armour
  9001 | D:7      | Noticed a manticore
  9042 | D:7      | Reached skill level 5 in Dodging
  9042 | D:7      | Gained mutation: You sometimes gain power by taking damage.
                  | [demonic ancestry]
  9042 | D:7      | Reached XP level 10. HP: 72/72 MP: 20/20
  9311 | D:7      | Found an ancient bone altar of Kikubaaqudgha.
  9497 | D:7      | Reached skill level 1 in Unarmed Combat
  9603 | D:7      | Reached ** piety under Cheibriados
  9989 | D:8      | Found a sparkling altar of Nemelex Xobeh.
 10110 | D:8      | Found a sand-covered staircase.
 10121 | Ossuary  | Entered an ossuary
 11560 | D:9      | Reached *** piety under Cheibriados
 11660 | D:9      | Reached skill level 1 in Axes
 11697 | D:9      | Found a staircase to the Orcish Mines.
 11761 | D:9      | Reached **** piety under Cheibriados
 11773 | D:9      | Reached skill level 5 in Fighting
 11893 | D:9      | Paralysed by a hornet for 1 turns
 11976 | D:9      | Found Vuhyzunna's Book Emporium.
 12050 | D:9      | Found a broken altar of Ashenzari.
 12054 | D:9      | Saw a vision of the Shoals and the Spider Nest.
 12054 | D:9      | Noticed a sea snake
 12054 | D:9      | Noticed a sea snake
 12054 | D:9      | Noticed a merfolk siren
 12054 | D:9      | Noticed a merfolk siren
 12565 | Orc:1    | Entered Level 1 of the Orcish Mines
 12565 | Orc:1    | Noticed an orc knight
 12565 | Orc:1    | Found Jatul's Distillery.
 12573 | D:9      | Slain by an orc warrior

Illustrated notes

Levels and vault maps discovered:
D:1:      shiori_arrival_oz, layout_loops_cross, chequers_ecumenical_altar_lobes
D:2:      layout_rooms, uniq_sigmund
D:3:      layout_loops_ring, portal_sewer_entry_d, minivault_23
D:4:      layout_basic, nicolae_elemental_shop
D:5:      lemuel_insect_pit, layout_loops_corners, xom_butterflies,
          mainiacjoe_overflow_swirl, uniq_blork_the_orc, uniq_ijyb, uniq_pikel,
          uniq_duvessa
D:6:      layout_loops_ring, minmay_temple_entry_antechambers,
          corexii_corridor_pit
D:7:      minmay_clustersquares, layout_loops_corners,
          mainiacjoe_overflow_six_doors_small
D:8:      layout_basic, mainiacjoe_overflow_alcove_2, enter_ossuary_1,
          grunt_ministairs_14, minmay_curled_crystal, chequers_mini_garden,
          kennysheep_decorative_pillar
D:9:      layout_loops_ring, grunt_ashenzari_visionary
          [grunt_ashenzari_visionary_shoals, grunt_ashenzari_visionary_spider],
          hiddenorc2_lemuel, serial_shops, nicolae_shop_advertising_works
          [nicolae_subvault_shop_adworks], nicolae_benzene_ring
Temple:   nicolae_temple_x_marks_the_god
Orc:1:    layout_caves, serial_shops, shop, uniq_gastronok, uniq_erica

Skill      XL: |  1  2  3  4  5  6  7  8  9 10 |
---------------+-------------------------------+-----
Dodging        | 2 3 4 5 |  5.5
Stealth        | 2 3 |  3.8
Fighting       | 1 2 3 4 5 |  5.1
Short Blades   | 1 2 |  2.9
Conjurations   | 5 6 7 8 |  8.9
Spellcasting   | 3 4 5 7 |  7.7
Translocations | 1 2 3 4 |  4.0
Hexes          | 1 2 3 |  3.8
Invocations    | 2 3 |  3.8
Armour         | 1 2 |  2.5
Unarmed Combat | 1 |  1.5
Axes           | 3 |  3.0

Action                   |  1- 3 |  4- 6 |  7- 9 | 10-12 || total
-------------------------+-------+-------+-------+-------++-------
Melee: Dagger            |    36 |    47 |    59 |    62 ||   204
       Touch             |     3 |     3 |    12 |    30 ||    48
       Punch             |       |     1 |       |     1 ||     2
       War axe           |       |       |       |   103 ||   103
 Cast: Magic Dart        |    42 |    68 |   144 |    63 ||   317
       Searing Ray       |     1 |     2 |    56 |    23 ||    82
       Iskenderun's Myst |       |       |       |     4 ||     4
  Use: Scroll            |       |       |     9 |     2 ||    11
 Stab: Sleeping          |     3 |     2 |     4 |       ||     9
       Distracted        |       |       |     1 |       ||     1
Armor: Robe              |     9 |    36 |    92 |       ||   137
       Leather armour    |       |       |       |   103 ||   103
Dodge: Dodged            |    18 |    48 |   123 |   194 ||   383

Table legend: (Time is in decaauts)
 A = Elapsed time spent in this place.
 B = Non-inter-level travel time spent in this place.
 C = Inter-level travel time spent in this place.
 D = Time resting spent in this place.
 E = Time spent auto-exploring this place.
 F = Levels seen in this place.
 G = Mean time per level.
                   A        B        C        D        E       F      G
               +--------+--------+--------+--------+--------+-----+--------+
         Total |  14436 |  13501 |    935 |    622 |  10429 |  13 | 1110.5 |
       Dungeon |  13356 |  12428 |    928 |    622 |   9625 |   9 | 1484.0 |
        Temple |     30 |     24 |      6 |      0 |      3 |   1 |   30.0 |
  Orcish Mines |      7 |      7 |      0 |      0 |      0 |   1 |    7.0 |
         Sewer |    700 |    700 |      0 |      0 |    562 |   1 |  700.0 |
       Ossuary |    342 |    342 |      0 |      0 |    239 |   1 |  342.0 |
               +--------+--------+--------+--------+--------+-----+--------+

Top non-repeatable levels by time:
     D:5: 2172 daAuts
     D:9: 1825 daAuts
     D:7: 1778 daAuts
     D:4: 1702 daAuts
     D:1: 1646 daAuts
     D:8: 1462 daAuts
     D:6: 1064 daAuts
     D:2: 922 daAuts
     D:3: 781 daAuts
   Sewer: 700 daAuts
 Ossuary: 342 daAuts
  Temple: 30 daAuts
   Orc:1: 7 daAuts
